 Dungeon Crawl Stone Soup version 0.30-a0-845-g7c6808c8ce (webtiles) character file.

Game seed: 14250895840763461547

276 retardedninja the Shield-Bearer (level 6, 0/79 HPs)
             Began as a Gnoll Fighter on Mar 2, 2023.
             Succumbed to an orc wizard's poison
             ... on level 4 of the Dungeon.
             The game lasted 00:04:19 (3115 turns).

retardedninja the Shield-Bearer (Gnoll Fighter)     Turns: 3115, Time: 00:04:20

Health: 0/79       AC: 27    Str: 16 (17) XL:     6   Next: 25%
Magic:  9/9        EV:  2    Int:  6 (8)  God:
Gold:   221        SH:  5    Dex:  9 (11) Spells: 9/9 levels left

rFire   . . .      SeeInvis .    a - +0 flail
rCold   + . .      Faith    .    c - +0 buckler
rNeg    . . .      Spirit   .    v - melded +3 scale mail
rPois   +          Reflect  .    (helmet currently unavailable)
rElec   .          Rampage  .    (cloak currently unavailable)
rCorr   .          NoTele   +    (gloves currently unavailable)
Will    .....                    i - melded +0 pair of boots
Stlth   ++                       (no amulet)
HPRegen 0.33/turn                f - +4 ring of protection
MPRegen 0.11/turn                k - ring of protection from cold

@: mighty, lethally poisoned (0 -> -2), tree-form, hasted, very quick
A: stationary, stasis, torment immunity, boosted hp, (fangs 1), strong nose,
distributed training
a: no special abilities


You were on level 4 of the Dungeon.
You were a tree.
You visited 1 branch of the dungeon, and saw 4 of its levels.

You collected 221 gold pieces.

Inventory:

Hand Weapons
 a - a +0 flail (weapon)
Armour
 c - a +0 buckler (worn)
 i - a +0 pair of boots (melded)
 v - a +3 scale mail (melded)
Jewellery
 f - a +4 ring of protection (left branch)
 k - a ring of protection from cold (right branch)
Wands
 w - a wand of charming (8)
Scrolls
 b - a scroll of fear {unknown}
 e - 2 scrolls of enchant weapon {unknown}
 g - a scroll of silence {unknown}
 h - 6 scrolls of identify {unknown}
 j - 4 scrolls of vulnerability {unknown}
 l - a scroll of brand weapon {unknown}
 m - 2 scrolls of immolation {unknown}
 n - a scroll of amnesia {unknown}
 q - a scroll of magic mapping {unknown}
 y - a scroll of poison {unknown}
Potions
 u - a potion of invisibility {unknown}
 x - a potion of brilliance {unknown}


   Skills:
 + Level 6.8 Fighting
 + Level 2.0 Short Blades
 + Level 2.0 Long Blades
 + Level 2.0 Axes
 + Level 5.0 Maces & Flails
 + Level 2.0 Polearms
 + Level 2.0 Staves
 + Level 2.0 Ranged Weapons
 + Level 2.0 Throwing
 + Level 6.8 Armour
 + Level 2.0 Dodging
 + Level 2.0 Stealth
 + Level 6.8 Shields
 + Level 2.0 Unarmed Combat
 + Level 2.0 Spellcasting
 + Level 1.5 Conjurations
 + Level 1.5 Hexes
 + Level 1.5 Summonings
 + Level 1.5 Necromancy
 + Level 1.5 Translocations
 + Level 1.5 Transmutations
 + Level 1.5 Fire Magic
 + Level 1.5 Ice Magic
 + Level 1.5 Air Magic
 + Level 1.5 Earth Magic
 + Level 1.5 Poison Magic
 + Level 2.1 Invocations
 + Level 2.0 Evocations


You had 9 spell levels left.
You didn't know any spells.
Your spell library contained the following spells:

 Spells                   Type           Power      Damage    Failure   Level
 Ozocubu's Armour         Ice            2%         N/A       63%         3
 Metabolic Englaciation   Hex/Ice        1%         N/A       100%        5
 Simulacrum               Ice/Necr       1%         N/A       100%        6


Dungeon Overview and Level Annotations

Branches:
Dungeon (4/15)
 Temple: D:4-7

Altars:
Makhleb

Shops:
D:2 ?   D:3 [

Annotations:
D:4 3 runed translucent doors, loam's ghost, weakling DsDe; spacey5's ghost, amateur HuFi; zenocrate's ghost, amateur OpTm


Innate Abilities, Weirdness & Mutations

You are a tree.
Your roots penetrate the ground, keeping you stationary.
You cannot be teleported.
You are immune to unholy pain and torment.
Your maximum health is greatly increased.
Your equipment is partially melded.
((You have very sharp teeth.))
Your uncanny sense of smell can sniff out nearby items.
Your experience applies equally to all skills.


Message History

A puff of flame appears from out of thin air!
You block the puff of flame. The orc closely misses you.
Your Short Blades skill increases to level 2!
Your Long Blades skill increases to level 2!
Your Axes skill increases to level 2!
Your Polearms skill increases to level 2!
Your Staves skill increases to level 2!
Your Ranged Weapons skill increases to level 2!
Your Throwing skill increases to level 2!
Your Dodging skill increases to level 2!
Your Stealth skill increases to level 2!
Your Unarmed Combat skill increases to level 2!
Your Spellcasting skill increases to level 2!
Your Evocations skill increases to level 2!
It was a potion of lignification.
You turn into a tree.
Your +0 pair of boots melds into your body.
Your +3 scale mail melds into your body.
Your roots penetrate the ground.
You feel sick.
Something hits you but does no damage. x2; The orc hits you but does no damage.
You feel very mighty all of a sudden.
You feel sick. Something completely misses you.
You hear some strange, mumbled words.
A puff of flame appears from out of thin air!
The puff of flame hits you.
* * * LOW HITPOINT WARNING * * *
You block the orc's attack.
You cannot move.
It was a potion of haste.
You feel yourself speed up.
You feel sick.
You hear some strange, mumbled words.
A magic dart appears from out of thin air!
The magic dart hits you but does no damage.
Something hits you but does no damage. The orc hits you but does no damage.
It was a potion of degeneration.
There was something very wrong with that liquid.
You feel weakened.
You feel dopey.
You feel clumsy.
You feel sick. Something hits you but does no damage. Something hits you.
* * * LOW HITPOINT WARNING * * *
The orc hits you but does no damage.
It was a potion of magic.
Magic courses through your body.
You die...

##..#######..........##..
#>..........÷........##..
#########............##..
.......#.......)....##..
#..##.###..........##.[
#.......#[..÷......####
###....#.###...#########
......o#................
#.!...{♣.####...........
#.....{†.# #...........
#........# #...........
.........# #...........
#.......[# #...........
#.....=..####...........
#.........#.....(.......
###.......#.............
#.............


You could see an orc.

Vanquished Creatures
  An orc priest (D:3)
  3 iron imps (D:3)
  An iguana (D:4)
  6 adders
  An ufetubus (D:4)
  2 worms
  A dart slug (D:1)
  8 orcs
  7 ball pythons
  5 endoplasms
  A giant cockroach (D:2)
  7 goblins
  6 hobgoblins
  3 jackals (D:3)
  2 quokkas
  4 bats
  4 frilled lizards
  2 kobolds
  6 rats
70 creatures vanquished.

Notes
Turn   | Place    | Note
-------+----------+-------------------------------------------
     0 | D:1      | retardedninja the Gnoll Fighter began the quest for the
                  | Orb.
     0 | D:1      | Reached XP level 1. HP: 23/23 MP: 1/1
   250 | D:1      | Reached XP level 2. HP: 26/29 MP: 2/2
   656 | D:2      | Reached XP level 3. HP: 35/35 MP: 3/3
   769 | D:2      | Reached skill level 1 in Invocations
   881 | D:2      | Reached skill level 1 in Short Blades
   881 | D:2      | Reached skill level 1 in Long Blades
   881 | D:2      | Reached skill level 1 in Axes
   881 | D:2      | Reached skill level 1 in Polearms
   881 | D:2      | Reached skill level 1 in Staves
   881 | D:2      | Reached skill level 1 in Ranged Weapons
   881 | D:2      | Reached skill level 1 in Throwing
   881 | D:2      | Reached skill level 1 in Dodging
   881 | D:2      | Reached skill level 1 in Stealth
   881 | D:2      | Reached skill level 1 in Unarmed Combat
   881 | D:2      | Reached skill level 1 in Spellcasting
   881 | D:2      | Reached skill level 1 in Evocations
  1056 | D:2      | Found Muil Feg's Magic Scroll Emporium.
  1153 | D:2      | Reached XP level 4. HP: 35/41 MP: 5/5
  1618 | D:3      | Reached skill level 1 in Conjurations
  1618 | D:3      | Reached skill level 1 in Hexes
  1618 | D:3      | Reached skill level 1 in Summonings
  1618 | D:3      | Reached skill level 1 in Necromancy
  1618 | D:3      | Reached skill level 1 in Translocations
  1618 | D:3      | Reached skill level 1 in Transmutations
  1618 | D:3      | Reached skill level 1 in Fire Magic
  1618 | D:3      | Reached skill level 1 in Ice Magic
  1618 | D:3      | Reached skill level 1 in Air Magic
  1618 | D:3      | Reached skill level 1 in Earth Magic
  1618 | D:3      | Reached skill level 1 in Poison Magic
  1648 | D:3      | Found Suhib's Antique Armour Emporium.
  1751 | D:3      | Found a faded altar of an unknown god.
  2295 | D:3      | Reached XP level 5. HP: 47/47 MP: 5/7
  2371 | D:3      | Found a burning altar of Makhleb.
  2651 | D:4      | Reached XP level 6. HP: 53/53 MP: 8/8
  2683 | D:4      | Reached skill level 5 in Maces & Flails
  2794 | D:4      | Found a runed translucent gate.
  2794 | D:4      | Found a runed translucent gate.
  2795 | D:4      | Found a runed translucent gate.
  2798 | D:4      | Noticed loam's ghost (weakling DsDe)
  2798 | D:4      | Noticed zenocrate's ghost (amateur OpTm)
  3037 | D:4      | Noticed spacey5's ghost (amateur HuFi)
  3114 | D:4      | HP: 1/79 [something (3)]
  3115 | D:4      | Succumbed to an orc wizard's poison

Illustrated notes

Levels and vault maps discovered:
D:1:      heliophobic_arrival_ceremonial_halls, layout_loops_ring
D:2:      layout_loops_ring, serial_shops, shop_statue, minmay_tetromino_i4
D:3:      layout_basic, demons_altar, dilly_ecumenical_altar_fadedgnrine,
          serial_shops, nicolae_shop_behind_doors
D:4:      layout_basic, gammafunk_ghost_cemetery

Skill      XL: |  1  2  3  4  5  6 |
---------------+-------------------+-----
Invocations    | 1 2 |  2.1
Short Blades   | 1 2 |  2.0
Long Blades    | 1 2 |  2.0
Axes           | 1 2 |  2.0
Polearms       | 1 2 |  2.0
Staves         | 1 2 |  2.0
Ranged Weapons | 1 2 |  2.0
Throwing       | 1 2 |  2.0
Dodging        | 1 2 |  2.0
Stealth        | 1 2 |  2.0
Unarmed Combat | 1 2 |  2.0
Spellcasting   | 1 2 |  2.0
Evocations     | 1 2 |  2.0
Conjurations   | 1 |  1.5
Hexes          | 1 |  1.5
Summonings     | 1 |  1.5
Necromancy     | 1 |  1.5
Translocations | 1 |  1.5
Transmutations | 1 |  1.5
Fire Magic     | 1 |  1.5
Ice Magic      | 1 |  1.5
Air Magic      | 1 |  1.5
Earth Magic    | 1 |  1.5
Poison Magic   | 1 |  1.5
Maces & Flails | 5 |  5.0
Fighting       | |  6.8
Armour         | |  6.8
Shields        | |  6.8

Action                     |  1- 3 |  4- 6 || total
---------------------------+-------+-------++-------
  Melee: Flail             |   114 |   146 ||   260
         Bite              |     6 |    14 ||    20
    Use: Potion            |       |     7 ||     7
 Armour: Scale mail        |    50 |   115 ||   165
         Skin              |       |     8 ||     8
  Dodge: Dodged            |    45 |    81 ||   126
  Block: Buckler           |    37 |    59 ||    96

Table legend: (Time is in decaauts)
 A = Elapsed time spent in this place.
 B = Non-inter-level travel time spent in this place.
 C = Inter-level travel time spent in this place.
 D = Time resting spent in this place.
 E = Time spent auto-exploring this place.
 F = Levels seen in this place.
 G = Mean time per level.
                   A        B        C        D        E       F      G
               +--------+--------+--------+--------+--------+-----+--------+
         Total |   3166 |   3092 |     74 |    200 |   2271 |   4 |  791.5 |
       Dungeon |   3166 |   3092 |     74 |    200 |   2271 |   4 |  791.5 |
               +--------+--------+--------+--------+--------+-----+--------+

Top non-repeatable levels by time:
     D:3: 1280 daAuts
     D:2: 743 daAuts
     D:1: 626 daAuts
     D:4: 515 daAuts
